 Dungeon Crawl Stone Soup version 0.31-a0-232-gb1c03b2570 (webtiles) character file.

Game seed: 18185578583821141485

186 qw the Shooter (level 5, -4/30 HPs)
             Began as a Gargoyle Hexslinger on July 6, 2023.
             Killed from afar by Sigmund (8 damage)
             ... with a puff of flame
             ... on level 4 of the Dungeon.
             The game lasted 00:00:59 (3138 turns).

qw the Shooter (Gargoyle Hexslinger)                Turns: 3138, Time: 00:01:00

Health: -4/30      AC: 13    Str: 12    XL:     5   Next: 66%
Magic:  6/6        EV: 25    Int: 13    God:
Gold:   101        SH:  0    Dex: 14    Spells: 5/6 levels left

rFire   . . .        Y - +0 orcbow
rCold   . . .        (shield currently unavailable)
rNeg    + . .        l - +0 ring mail
rPois   inf          (no helmet)
rElec   +            (no cloak)
rCorr   .            n - +0 pair of gloves
SInv    .            g - +2 pair of boots {rampage}
Will    .....        f - amulet of the acrobat
Stlth   +            (no ring)
HPRegen 0.25/turn    (no ring)
MPRegen 0.10/turn

%: acrobat, rampage
@: acrobatic
A: sickness immunity, AC +4, negative energy resistance 1, electricity
resistance, torment resistance 1, petrification resistance
a: no special abilities


You were on level 4 of the Dungeon.
You visited 1 branch of the dungeon, and saw 4 of its levels.

You collected 101 gold pieces.


Innate Abilities, Weirdness & Mutations

You are immune to sickness and miasma.
Your stone body is resilient. (AC +4)
You are immune to poison.
You resist negative energy. (rN+)
You are resistant to electric shocks. (rElec)
You are resistant to unholy torment.
You are immune to petrification.


   Skills:
 + Level 2.0 Fighting
 - Level 5.2 Ranged Weapons
 - Level 1.3 Armour
 - Level 1.5 Dodging
 - Level 1.0 Spellcasting
 - Level 2.6 Hexes


You had 5 spell levels left.
You knew the following spells:

 Your Spells              Type           Power      Damage    Failure   Level
a - Slow                  Hex            28%        N/A       21%         1

Your spell library contained the following spells:

 Spells                   Type           Power      Damage    Failure   Level
 Inner Flame              Hex/Fire       4%         N/A       71%         3
 Portal Projectile        Hex/Tloc       8%         N/A       71%         3
 Cause Fear               Hex            3%         N/A       90%         4

Inventory:

Hand Weapons
 Y - a +0 orcbow (weapon)
Armour
 g - a +2 pair of boots of rampaging (worn)
 l - a +0 ring mail (worn)
 n - a +0 pair of gloves (worn)
Jewellery
 f - an amulet of the acrobat (around neck)
 k - a ring of fire
Scrolls
 i - a scroll of identify
Potions
 a - a potion of haste
 c - a potion of might {unknown}
 e - 2 potions of mutation {unknown}
 h - a potion of berserk rage {unknown}
 m - a potion of cancellation {unknown}

Dungeon Overview and Level Annotations

Branches:
Dungeon (4/15)
 Temple: D:4-7

Altars:
Fedhas
Sif Muna
Wu Jian
Xom

Shops:
D:2 (

Annotations:
D:4 3 runed translucent doors, Sigmund; qw's ghost, amateur MiHs


Message History

Enter note:
Enter note:
Enter note:
Enter note:
Enter note:
Enter note:
Enter note:
Enter note:
Enter note:
Enter note:
Enter note:
Enter note:
Enter note:
Enter note:
Enter note:
Enter note:
Enter note:
Enter note:
Enter note:
Enter note:
Enter note:
Enter note:
Enter note:
Enter note:
Enter note:
Enter note:
Enter note:
Enter note:
Enter note:
Enter note:
Enter note:
Enter note:
Enter note:
Enter note:
Enter note:
Enter note:
Enter note: Sigmund casts a spell at you.
The puff of flame hits you!
You die...

#.# #.#### #.# #....#
#.# ####.# #.#
#######.#### #.#
#........... #@#
#.#####.#### #.# #.#
#.# # #.# #.# #.# #
#@# ###.#####.# # #.#
#.........# # #.#
#.#.####### #
#.###.#[####### #
#..##.........####
######.####...........
#..........#####...###
#.####.##...###.###.#
#....#.....# #.#


You could see Sigmund.

Vanquished Creatures
  2 scorpions (D:4)
  3 adders
  A dart slug (D:3)
  4 orcs
  2 bats
  2 endoplasms (D:1)
  2 giant cockroaches (D:3)
  7 goblins
  3 hobgoblins
  4 jackals (D:4)
  A quokka (D:1)
  2 ball pythons
  4 kobolds
  A rat (D:1)
38 creatures vanquished.

Notes
Turn   | Place    | Note
-------+----------+-------------------------------------------
     0 | D:1      | qw the Gargoyle Hexslinger began the quest for the Orb.
     0 | D:1      | Reached XP level 1. HP: 12/12 MP: 2/2
     0 | D:1      | 0 ||| qw: Version: 0.3-a-46-gb1f654a
     0 | D:1      | 0 ||| qw: Game counter: 2112
     0 | D:1      | 0 ||| qw: Melee chars always use a shield: true
     0 | D:1      | 0 ||| qw: God list: Okawaru
     0 | D:1      | 0 ||| qw: Allow faded altars: false
     0 | D:1      | 0 ||| qw: Do Orc after clearing Dungeon:15 true
     0 | D:1      | 0 ||| qw: Do second Lair branch before Depths: true
     0 | D:1      | 0 ||| qw: Lair rune preference: random
     0 | D:1      | 0 ||| qw: Goals: Normal
     0 | D:1      | 0 ||| PLANNING D:1-11
   214 | D:1      | Reached XP level 2. HP: 16/16 MP: 3/3
   892 | D:1      | Reached skill level 3 in Ranged Weapons
   918 | D:1      | Found a faded altar of an unknown god.
  1082 | D:1      | 1082 ||| UPGRADING to +0 leather armour.
  1092 | D:1      | 1092 ||| DROPPING +0 robe.
  1093 | D:1      | 1093 ||| UPGRADING to +2 pair of boots of rampaging.
  1098 | D:1      | 1098 ||| UPGRADING to +0 ring mail.
  1108 | D:1      | 1108 ||| DROPPING +0 leather armour.
  1109 | D:1      | 1109 ||| UPGRADING to +0 pair of gloves.
  1114 | D:1      | 1114 ||| READING 2 scrolls labelled QOQACZ APPU.
  1115 | D:1      | 1115 ||| READING 2 scrolls labelled KIZAXA SURPH.
  1116 | D:1      | 1116 ||| READING scroll labelled KUJINU PENORGHAPN.
  1121 | D:1      | 1121 ||| READING scroll labelled PADDEA HEPUE.
  1122 | D:1      | 1122 ||| DRINKING 2 lumpy puce potions.
  1123 | D:1      | 1123 ||| DROPPING scroll of immolation.
  1124 | D:1      | 1124 ||| DROPPING scroll of poison.
  1125 | D:1      | 1125 ||| DROPPING potion of brilliance.
  1226 | D:2      | Found Caicits's Antique Weapon Shop.
  1238 | D:2      | 1238 ||| SHOPLISTING runed orcbow (175 gold, have 27).
  1844 | D:2      | 1844 ||| READING scroll labelled WUWUOTW DOAZUO.
  1939 | D:3      | Reached XP level 3. HP: 21/21 MP: 4/4
  2158 | D:3      | Reached skill level 1 in Armour
  2268 | D:3      | Found a shimmering altar of Xom.
  2271 | D:3      | Found an ornate altar of the Wu Jian Council.
  2276 | D:3      | Found a shimmering blue altar of Sif Muna.
  2299 | D:3      | Found a blossoming altar of Fedhas.
  2454 | D:3      | 2454 ||| UPGRADING to amulet of the acrobat.
  2459 | D:3      | 2459 ||| DRINKING 2 metallic green potions.
  2460 | D:3      | 2460 ||| DRINKING 2 bubbling pink potions.
  2461 | D:3      | 2461 ||| READING 2 scrolls of identify.
  2461 | D:3      | 2461 ||| IDENTIFYING smoky sapphire potion
  2513 | D:4      | 2513 ||| STAIRDANCE
  2513 | D:4      | HP: 4/21 [iguana (11)]
  2515 | D:3      | 2515 ||| READING scroll of teleportation.
  2516 | D:3      | 2516 ||| DRINKING potion of heal wounds.
  2541 | D:4      | Noticed a scorpion
  2553 | D:4      | HP: 3/21 [scorpion (4)]
  2557 | D:4      | Killed a scorpion
  2558 | D:4      | Reached skill level 4 in Ranged Weapons
  2558 | D:4      | Reached XP level 4. HP: 5/26 MP: 5/5
  2791 | D:4      | Reached XP level 5. HP: 27/30 MP: 6/6
  2838 | D:4      | 2838 ||| SWAPPING to +0 orcbow.
  2839 | D:4      | 2839 ||| DROPPING +1 sling.
  2872 | D:4      | Found a runed translucent gate.
  2872 | D:4      | Found a runed translucent gate.
  2872 | D:4      | Found a runed translucent gate.
  2872 | D:4      | Noticed qw's ghost (amateur MiHs)
  2873 | D:4      | Noticed a kobold brigand
  3026 | D:4      | Reached skill level 5 in Ranged Weapons
  3098 | D:4      | Noticed Sigmund
  3099 | D:4      | 3099 ||| DRINKING potion of curing.
  3099 | D:4      | 3099 ||| (to cure confusion)
  3119 | D:4      | HP: 7/30 [something (7)]
  3125 | D:4      | HP: 5/30 [something (3)]
  3127 | D:4      | HP: 1/30 [something (5)]
  3130 | D:4      | 3130 ||| READING scroll labelled ROVVUXAAFOQ.
  3138 | D:4      | Killed from afar by Sigmund

Levels and vault maps discovered:
D:1:      dpeg_arrival_rooms_with_view, layout_basic,
          dreamdust_ecumenical_altar_hidden_monk_grotto, dk_noncrumbling_4,
          dreamdust_princess_bridge, minmay_crystal_water, st_stairs_14,
          grunt_decor_clamped
D:2:      layout_basic, serial_shops, shop, serial_glass, glass_columns_c,
          glass_columns_a, glass_columns_a, glass_columns_a, glass_columns_c,
          glass_columns_a
D:3:      layout_loops_cross, grunt_temple_overflow_diamond,
          mainiacjoe_overflow_alcove_1, serial_glass, glass_columns_a,
          glass_columns_c
D:4:      layout_loops_ring, gammafunk_ghost_nasty_kobolds, uniq_sigmund

Skill      XL: |  1  2  3  4  5 |
---------------+----------------+-----
Ranged Weapons | 3 4 5 |  5.2
Fighting       | 2 |  2.0
Armour         | 1 |  1.3
Dodging        | |  1.5
Spellcasting   | |  1.0
Hexes          | |  2.6

Action                     |  1- 3 |  4- 6 || total
---------------------------+-------+-------++-------
   Fire: Sling             |   120 |    36 ||   156
         Orcbow            |       |    47 ||    47
    Use: Scroll            |     7 |     1 ||     8
         Potion            |     4 |     1 ||     5
 Armour: Ring mail         |    21 |    38 ||    59
         Robe              |     3 |       ||     3
  Dodge: Dodged            |    31 |    27 ||    58

Table legend:
 A = Non-vault XP
 B = Vault XP
 C = Vault XP percentage of total XP
 D = Non-vault monster count
 E = Vault monster count
 F = Vault count percentage of total count
                 A         B        C        D         E       F
            +---------+---------+-------+---------+---------+-------
      Total |     259 |       8 |   3.0 |      34 |       4 |  10.5
            +---------+---------+-------+---------+---------+-------
        D:1 |      11 |       8 |  42.1 |       7 |       4 |  36.4
        D:2 |       8 |       0 |   0.0 |       5 |       0 |   0.0
        D:3 |      31 |       0 |   0.0 |       9 |       0 |   0.0
        D:4 |     209 |       0 |   0.0 |      13 |       0 |   0.0
            +---------+---------+-------+---------+---------+-------
